 Dungeon Crawl Stone Soup version 0.20.0-10-g0535bb4 (webtiles) character file.

2111 grindst0ne the Fighter (level 9, -4/139 HPs)
             Began as a Gargoyle Fighter on June 3, 2017.
             Was an Initiate of Okawaru.
             Slain by a vampire (7 damage)
             ... on level 5 of the Dungeon.
             The game lasted 00:11:53 (6505 turns).

grindst0ne the Fighter (Gargoyle Fighter)           Turns: 6505, Time: 00:11:54

Health: -4/139     AC: 24    Str: 25 (27) XL:     9   Next: 28%
Magic:  9/9        EV:  2    Int:  7 (9)  God:    Okawaru [......]
Gold:   300        SH:  0    Dex: 19 (20) Spells: 8/8 levels left

rFire    . . .     SeeInvis .   k - +0 dire flail (drain)
rCold    + . .     Gourm    .   (shield currently unavailable)
rNeg     + + +     Faith    .   (armour currently unavailable)
rPois    ∞         Spirit   .   (helmet currently unavailable)
rElec    .         Reflect  .   (cloak currently unavailable)
rCorr    .         Harm     .   (gloves currently unavailable)
MR       .....     NoTele   +   (boots currently unavailable)
Stlth    ..........             (no amulet)
Regen    0.4/turn               q - +3 ring of dexterity
MPRegen  0.2/turn               v - ring of protection from cold

@: agile, berserking, tree-form, very quick
A: negative energy resistance 1, strong 1, petrification resistance, rot
immunity, AC +5
a: Renounce Religion


You were on level 5 of the Dungeon.
You worshipped Okawaru.
Okawaru was noncommittal.
You were hungry.
You were a tree.
You visited 1 branch of the dungeon, and saw 6 of its levels.

You collected 300 gold pieces.

Inventory:

Hand Weapons
 a - a +0 war axe
 k - a +0 dire flail of draining (weapon)
Armour
 b - a +0 scale mail
 c - a +1 shield
 g - a +1 scale mail of magic resistance (melded)
Jewellery
 q - a +3 ring of dexterity (left branch)
 v - a ring of protection from cold (right branch)
 D - an uncursed amulet of magic regeneration {unknown}
Wands
 x - a wand of flame (5/48)
Scrolls
 m - a scroll of recharging
 y - 4 scrolls of remove curse
 A - a scroll of amnesia
 E - a scroll of identify
Potions
 d - a potion of might
 e - a potion of magic
 h - a potion of haste
 i - a potion of cancellation
 l - 2 potions of curing
 r - 2 potions of lignification
 s - 4 potions of brilliance
 z - a potion of degeneration
 F - a potion of invisibility
Books
 p - a book of Callings

   Spells                             Type                      Level
   a - Summon Small Mammal            Summoning                    1
   b - Call Imp                       Summoning                    2
   c - Call Canine Familiar           Summoning                    3
   d - Summon Guardian Golem          Hexes/Summoning              3
   e - Summon Lightning Spire         Summoning/Air                4
   f - Summon Ice Beast               Ice/Summoning                4
Comestibles
 f - 4 bread rations
 j - 10 fruits
 n - 5 meat rations
 o - 2 royal jellies


   Skills:
 - Level 10.1 Fighting
 - Level 1.7 Axes
 - Level 8.1 Armour
 + Level 3.5 Dodging
 - Level 3.2 Shields


You had 8 spell levels left.
You didn't know any spells.

Dungeon Overview and Level Annotations

Branches:
Dungeon (6/15)
 Temple: D:4-7

Altars:
Cheibriados
Okawaru
Sif Muna
Vehumet
Yredelemnul


Innate Abilities, Weirdness & Mutations

You are resistant to torment.
((Your stone body is resilient. (AC +5)))
You are immune to poison.
You resist negative energy. (rN+)
((You are resistant to electric shocks. (rElec)))
((You can survive without breathing.))
You are immune to petrification.
You are immune to rotting.
((You have a pair of small horns on your head.))
Your muscles are strong. (Str +2)


Message History

* * * LOW HITPOINT WARNING * * *
You sock something!
A vampire appears from thin air!
Reactivating autopickup.
You closely miss the vampire.
The vampire is severely damaged.
The vampire hits you but does no damage.
The vampire bites you but does no damage.
You barely miss the vampire.
The vampire is severely damaged.
The vampire hits you but does no damage.
The vampire bites you but does no damage.
You barely miss the vampire.
The vampire is severely damaged.
The vampire hits you but does no damage.
The vampire bites you but does no damage.
You are too berserk!
You puncture the vampire!
The vampire is almost destroyed.
The vampire hits you!
You die...

...#.<...........##.#.#
.............###....###
......###......###..#
................###.#############
.............##.................#
.......#....###.####[##.........#
.....#.##............##.........#
.....#.####.####..##...##########
.....#...##.#..V♣...####
.....###.##.#.####### .#####
#.#....# ## #......# ###....#
#....# #....# #....# ######


You could see a vampire.

Vanquished Creatures
  Sigmund (D:6)
  Eustachio (D:5)
  The ghost of skittles the Firebug, an amateur DrFE (D:3)
  Menkaure (D:4)
  Edmund (D:4)
  Duvessa (D:5)
  A sky beast (D:5)
  An ogre (D:6)
  2 centaurs (D:5)
  A bullfrog (D:4)
  A gnoll sergeant (D:4)
  Dowan (D:5)
  A scorpion (D:5)
  A howler monkey (D:4)
  A quasit (D:6)
  3 orc priests
  6 orc wizards
  3 worker ants
  A killer bee zombie (D:6)
  A worker ant zombie (D:5)
  Robin (D:3)
  13 gnolls
  10 adders
  2 oozes
  4 worms
  2 dart slugs
  7 leopard geckos
  22 orcs
  5 ball pythons
  A giant cockroach (D:2)
  12 goblins
  7 hobgoblins
  4 jackals
  2 quokkas
  4 bats
  2 frilled lizards (D:3)
  A jackal zombie (D:5)
  4 kobolds
  A quokka zombie (D:6)
  7 rats
141 creatures vanquished.

Notes
Turn   | Place    | Note
-------+----------+-------------------------------------------
     0 | D:1      | grindst0ne the Gargoyle Fighter began the quest for the Orb.
     0 | D:1      | Reached XP level 1. HP: 14/14 MP: 1/1
   216 | D:1      | Reached XP level 2. HP: 20/20 MP: 2/2
   231 | D:1      | Reached skill level 4 in Fighting
   703 | D:2      | Reached XP level 3. HP: 23/24 MP: 3/3
   715 | D:2      | Found a snail-covered altar of Cheibriados.
   886 | D:2      | Reached skill level 5 in Fighting
   970 | D:2      | Reached XP level 4. HP: 30/31 MP: 4/4
  1118 | D:2      | Found a basalt altar of Yredelemnul.
  1159 | D:3      | Noticed Robin
  1426 | D:3      | Killed Robin
  1426 | D:3      | Reached XP level 5. HP: 31/35 MP: 5/5
  1441 | D:3      | Reached skill level 5 in Armour
  1521 | D:3      | Noticed skittles's ghost (amateur DrFE)
  1552 | D:3      | Killed skittles's ghost
  1552 | D:3      | Reached XP level 6. HP: 13/40 MP: 6/6
  2921 | D:4      | Reached XP level 7. HP: 16/44 MP: 7/7
  3158 | D:4      | Noticed Edmund
  3183 | D:4      | Killed Edmund
  3392 | D:4      | Found a deep blue altar of Sif Muna.
  3393 | D:4      | Found a radiant altar of Vehumet.
  3616 | D:4      | Noticed Menkaure
  3627 | D:4      | Killed Menkaure
  3627 | D:4      | Reached skill level 6 in Fighting
  4265 | D:4      | Reached XP level 8. HP: 48/52 MP: 8/8
  4295 | D:3      | Reached skill level 7 in Fighting
  4797 | D:5      | Entered Level 5 of the Dungeon
  4805 | D:5      | Noticed Eustachio
  4823 | D:5      | Killed Eustachio
  4823 | D:5      | Reached skill level 8 in Fighting
  4909 | D:5      | Noticed Duvessa
  4921 | D:5      | Killed Duvessa
  4921 | D:5      | Reached skill level 9 in Fighting
  4922 | D:5      | Noticed Dowan
  5010 | D:5      | Killed Dowan
  5055 | D:5      | Found an iron altar of Okawaru.
  5134 | D:5      | Reached skill level 10 in Fighting
  5138 | D:5      | Became a worshipper of Warmaster Okawaru
  5168 | D:5      | Reached XP level 9. HP: 35/62 MP: 9/9
  5358 | D:4      | Reached skill level 1 in Dodging
  6153 | D:6      | Noticed Sigmund
  6174 | D:6      | Killed Sigmund
  6494 | D:5      | Gained mutation: You have a pair of small horns on your head. [potion of mutation]
  6494 | D:5      | Gained mutation: Your muscles are strong. (Str +2) [potion of mutation]
  6499 | D:5      | HP: 4/139 [something (8)]
  6500 | D:5      | HP: 1/139 [something (3)]
  6505 | D:5      | Slain by a vampire

Skill      XL: |  1  2  3  4  5  6  7  8  9 |
---------------+----------------------------+-----
Fighting       | 4 5 6 10 | 10.1
Armour         | 4 6 7 8 |  8.1
Dodging        | 3 |  3.5
Axes           | |  1.7
Shields        | |  3.2

Action                   |  1- 3 |  4- 6 |  7- 9 || total
-------------------------+-------+-------+-------++-------
Melee: War axe           |   114 |   225 |    27 ||   366
       Dire flail        |       |       |   241 ||   241
Evoke: Wand              |       |       |     4 ||     4
  Use: Scroll            |       |     6 |     5 ||    11
       Potion            |       |       |     6 ||     6
  Eat: Chunk             |       |     7 |     7 ||    14
       Bread ration      |       |       |     1 ||     1
Armor: Scale mail        |    86 |   185 |   214 ||   485
       Skin              |       |       |    32 ||    32
Dodge: Dodged            |    31 |    84 |   119 ||   234
Block: Shield            |    85 |   158 |    23 ||   266
